 Dungeon Crawl Stone Soup version 0.24.0-123-gd5b16e6ec5 (webtiles) character file.

Game seed: 14896849350661185840, levelgen mode: deterministic

25066 hazymike the Frost Mage (level 12, -7/75 HPs)
             Began as a Deep Elf Ice Elementalist on Feb 13, 2020.
             Was an Elder of Vehumet.
             Mangled by Rupert
             ... wielding a +4 great sword of freezing
              (27 damage)
             ... on level 4 of the Lair of Beasts on Feb 14, 2020.
             The game lasted 03:04:19 (25652 turns).

hazymike the Frost Mage (DEIE)                     Turns: 25652, Time: 03:04:19

Health: -7/75      AC:  8    Str:  9    XL:     12   Next: 86%
Magic:  1/27       EV: 22    Int: 22    God:    Vehumet [****..]
Gold:   1515       SH:  6    Dex: 15    Spells: 18/29 levels left

rFire    . . .     SeeInvis .   a - +10 war axe of Aqidof {elec, rElec rPois}
rCold    . . .     Gourm    .   j - +0 buckler
rNeg     . . .     Faith    .   B - +0 troll leather armour
rPois    +         Spirit   .   X - +0 helmet
rElec    +         Reflect  .   C - +0 cloak
rCorr    .         Harm     .   O - +0 pair of gloves
MR       ++...                  e - +0 pair of boots
Stlth    ++........             b - amulet of the acrobat
HPRegen  0.62/turn              K - ring of protection from magic
MPRegen  0.20/turn              A - +4 ring of evasion

@: no status effects
A: no striking features
a: Renounce Religion


You were on level 4 of the Lair of Beasts.
You worshipped Vehumet.
Vehumet was greatly pleased with you.
You were hungry.

You visited 3 branches of the dungeon, and saw 17 of its levels.
You also visited: Bailey.

You collected 1515 gold pieces.

Inventory:

Hand Weapons
 a - the +10 war axe of Aqidof (weapon) {elec, rElec rPois}
   (You found it on level 5 of the Dungeon)

   Occasionally, upon striking a foe, it will discharge some electrical energy
   and cause terrible harm.
   It insulates you from electricity.
   It protects you from poison.
 R - the +12 morningstar of Forced Transition {elec, Str+4}
   (You found it on level 10 of the Dungeon)

   Occasionally, upon striking a foe, it will discharge some electrical energy
   and cause terrible harm.
   It affects your strength (+4).
Missiles
 c - 29 poisoned darts (quivered)
 F - 17 boomerangs
 M - 7 silver boomerangs
 N - 9 javelins
Armour
 e - a +0 pair of boots (worn)
 f - a +0 shield
 j - a +0 buckler (worn)
 B - a +0 troll leather armour (worn)
 C - a +0 cloak (worn)
 O - a +0 pair of gloves (worn)
 T - a +0 ring mail of fire resistance
 X - a +0 helmet (worn)
Magical Staves
 s - an uncursed staff of power
Jewellery
 b - an amulet of the acrobat (around neck)
 y - an uncursed ring of wizardry
 A - a +4 ring of evasion (right hand)
 D - an uncursed ring of protection from cold
 K - a ring of protection from magic (left hand)
 L - an uncursed ring of poison resistance
Wands
 m - a wand of clouds (8)
 q - a wand of flame (7)
 E - a wand of acid (27)
 S - a wand of random effects (23)
 U - a wand of scattershot (8)
Scrolls
 g - 7 scrolls of teleportation
 h - 3 scrolls of remove curse
 i - 4 scrolls of blinking
 k - 2 scrolls of noise {unknown}
 v - 2 scrolls of immolation
 G - a scroll of amnesia {unknown}
 V - a scroll of enchant weapon {unknown}
 W - a scroll of fog {unknown}
 Y - a scroll of brand weapon {unknown}
 Z - 4 scrolls of fear
Potions
 d - 2 potions of cancellation {unknown}
 l - 4 potions of degeneration {unknown}
 n - a potion of brilliance {unknown}
 o - 2 potions of haste {unknown}
 p - 3 potions of resistance
 t - a potion of lignification
 u - 3 potions of magic
 w - 2 potions of invisibility
 x - 6 potions of heal wounds
 z - 3 potions of ambrosia
 H - 2 potions of curing
 I - 4 potions of flight
 P - a potion of agility
 Q - a potion of might
Comestibles
 J - 22 rations


   Skills:
 + Level 8.9 Fighting
 - Level 10.0 Dodging
 - Level 3.0 Stealth
 + Level 8.5 Shields
 - Level 9.0 Spellcasting
 - Level 8.0 Conjurations
 - Level 4.0 Charms
 + Level 11.2 Ice Magic
 - Level 2.0 Air Magic


You had 18 spell levels left.
You knew the following spells:

 Your Spells              Type           Power        Failure   Level  Hunger
a - Freeze                Ice            ####         1%          1    None
b - Ozocubu's Armour      Chrm/Ice       #####...     1%          3    None
c - Throw Icicle          Conj/Ice       ######..     1%          4    ##.....
d - Static Discharge      Conj/Air       ####....     1%          3    None

Your spell library contained the following spells:

 Spells                   Type           Power        Failure   Level  Hunger
 Bolt of Draining         Conj/Necr      ####......   13%         5    #####..
 Flame Tongue             Conj/Fire      ####.        1%          1    None
 Magic Dart               Conj           ####         1%          1    None
 Searing Ray              Conj           #####.       1%          2    None
 Throw Flame              Conj/Fire      ####..       1%          2    None
 Throw Frost              Conj/Ice       ######       1%          2    None
 Conjure Flame            Conj/Fire      ####....     1%          3    None
 Dazzling Spray           Conj/Hex       ####..       1%          3    None
 Iskenderun's Mystic Bla  Conj           #####...     1%          4    ##.....
 Force Lance              Conj/Tloc      ####....     5%          4    ##.....
 Fulminant Prism          Conj/Hex       ####......   5%          4    ##.....
 Sticky Flame             Conj/Fire      ####....     5%          4    ##.....
 Inner Flame              Hex/Fire       #.......     8%          3    None
 Corona                   Hex            #......      10%         1    None
 Summon Ice Beast         Ice/Summ       ####....     10%         4    ##.....
 Fireball                 Conj/Fire      ####......   13%         5    #####..
 Slow                     Hex            #.......     14%         2    None
 Portal Projectile        Hex/Tloc       #.....       28%         3    None
 Cause Fear               Hex            #.........   67%         4    ##.....
 Leda's Liquefaction      Hex/Erth       #.........   67%         4    ##.....


Dungeon Overview and Level Annotations

Branches:
Dungeon (12/15)            Temple (1/1) D:7            Lair (4/6) D:11
 Shoals (0/4) Lair:2        Snake (0/4) Lair:3          Orc (0/2) D:10
 Bailey (visited)

Altars:
Ashenzari
Cheibriados
Dithmenos
Elyvilon
Fedhas
Gozag
Hepliaklqana
Kikubaaqudgha
Makhleb
Nemelex Xobeh
Okawaru
Qazlal
Ru
Sif Muna
Trog
Uskayaw
Vehumet
Wu Jian
Xom
Yredelemnul
Zin
The Shining One

Shops:
D:9 [   D:10 [(

Annotations:
D:9 3 runed translucent doors, MisterT's ghost, novice HOFi
Lair:1 exclusion: oklob plant
Lair:4 exclusion: 3 electric eels, Rupert


Message History

Casting: Throw Icicle (safe; 1% risk of failure)
Confirm with . or Enter, or press ? or * to list all spells.
Aiming: Throw Icicle (safe; 1% risk of failure)
Press: ? - help, Shift-Dir - straight line, f/p - Rupert
Aim: Rupert, wielding a +4 great sword of freezing and wearing a +0 scale mail (almost dead, berserk, fast, unusually strong, lightly drained)
The shard of ice misses Rupert.
You block Rupert's attack.
You hit Rupert.
Rupert is almost dead.
Rupert hits you with a +4 great sword of freezing!!!
Ouch! That really hurt!
Rupert freezes you!
* * * LOW HITPOINT WARNING * * *
Rupert completely misses you.
You barely miss Rupert.
Rupert is almost dead.
You block Rupert's attack. Rupert barely misses you.
You slash Rupert! Lightning courses through Rupert!
Rupert is almost dead.
Rupert hits you with a +4 great sword of freezing!!
You die...

#.........###.#
##.........#..#
##..........##
#........###
##......P#
####.......#
#..........###
##............#
#..........@.##
#..........@##
#...........##
##..<.........#
#.#...........#
####..........###
##............#
#......(......#
##............#


You could see Rupert (berserk).

Vanquished Creatures
  5 hydras
  A death yak (Lair:3)
  4 two-headed ogres
  Urug (D:10)
  Pikel (D:9)
  An orc knight (D:11)
  An ugly thing (D:10)
  3 elephants (Lair:4)
  Joseph (Lair:1)
  2 black mambas
  A torpor snail (Lair:3)
  Psyche (D:10)
  3 spiny frogs
  2 komodo dragons
  3 trolls
  Prince Ribbit (D:7)
  A snapping turtle (Lair:2)
  5 hippogriffs
  12 yaks
  Sigmund (D:6)
  A wyvern (D:9)
  A wraith (D:10)
  2 basilisks
  Grum (Lair:1)
  6 water moccasins
  20 orc warriors
  6 porcupines
  2 sky beasts (D:9)
  A slave (D:8)
  4 ice beasts
  A black bear (D:10)
  An eye of draining (D:9)
  5 ogres
  3 phantoms
  2 wolves (Lair:1)
  A centaur (D:10)
  8 crocodiles
  11 bullfrogs
  3 scorpions
  5 killer bees
  3 wights (D:6)
  2 howler monkeys
  An electric eel (Lair:2)
  2 crimson imps
  A centaur zombie (D:7)
  A jelly (D:8)
  A bullfrog zombie (D:8)
  5 hounds
  9 orc priests
  A quasit (D:9)
  13 orc wizards
  2 gnoll shamans
  9 worker ants
  2 iguanas
  Robin (D:4)
  2 howler monkey skeletons
  15 adders
  6 gnolls
  2 shadow imps
  An adder skeleton (D:7)
  2 adder zombies
  5 worms
  14 dart slugs
  4 leopard geckos
  59 orcs
  2 giant cockroaches
  21 goblins
  15 hobgoblins
  15 jackals
  3 quokkas
  5 ball pythons
  8 bats
  2 frilled lizards
  17 kobolds
  A quokka skeleton (D:6)
  9 rats
  2 plants
397 creatures vanquished.

Vanquished Creatures (others)
  3 slaves (D:9)
  An orc (D:9)
  A quokka (D:9)
  5 fungi
  3 plants
13 creatures vanquished.

Grand Total: 410 creatures vanquished

Notes
Turn   | Place    | Note
-------+----------+-------------------------------------------
     0 | D:1      | hazymike the Deep Elf Ice Elementalist began the quest for
                  | the Orb.
     0 | D:1      | Reached XP level 1. HP: 10/10 MP: 6/6
   265 | D:1      | Reached XP level 2. HP: 14/15 MP: 4/8
  1023 | D:1      | Reached XP level 3. HP: 20/20 MP: 7/9
  1067 | D:1      | Learned a level 3 spell: Ozocubu's Armour
  1991 | D:2      | Reached skill level 1 in Fighting
  1991 | D:2      | Reached skill level 1 in Charms
  2241 | D:2      | Reached XP level 4. HP: 24/25 MP: 2/11
  2259 | D:2      | Learned a level 4 spell: Throw Icicle
  2485 | D:2      | Reached skill level 1 in Shields
  2726 | D:3      | Found a bloodstained altar of Trog.
  2862 | D:3      | Found an iron altar of Okawaru.
  2935 | D:3      | Found a burning altar of Makhleb.
  2943 | D:3      | Reached skill level 4 in Ice Magic
  3195 | D:3      | Found a snail-covered altar of Cheibriados.
  3457 | D:3      | Reached XP level 5. HP: 24/29 MP: 6/12
  3935 | D:3      | Found a sacrificial altar of Ru.
  4545 | D:4      | Noticed an ogre
  4688 | D:4      | Noticed a phantom
  4690 | D:4      | Noticed Robin
  4967 | D:4      | Killed an ogre
  4967 | D:4      | Reached XP level 6. HP: 15/35 MP: 2/14
  6707 | D:4      | Killed Robin
  6986 | D:4      | Reached XP level 7. HP: 40/40 MP: 15/15
  7271 | D:5      | Entered Level 5 of the Dungeon
  7295 | D:5      | Found a glowing golden altar of the Shining One.
  7534 | D:5      | Got an iridescent war axe
  8482 | D:6      | Found a basalt altar of Yredelemnul.
  8536 | D:6      | Identified the +10 war axe of Aqidof {elec, rElec rPois}
                  | (You found it on level 5 of the Dungeon)
  8631 | D:6      | Noticed Sigmund
  8738 | D:6      | Reached skill level 5 in Ice Magic
  9053 | D:5      | Reached skill level 5 in Dodging
  9135 | D:5      | Reached XP level 8. HP: 37/45 MP: 8/16
  9762 | D:6      | Found an ancient bone altar of Kikubaaqudgha.
  9924 | D:6      | Killed Sigmund
  9924 | D:6      | Reached skill level 6 in Ice Magic
 10038 | D:6      | Found a glowing silver altar of Zin.
 10039 | D:6      | Found an opulent altar of Gozag.
 10221 | D:6      | Found an ornate altar of the Wu Jian Council.
 10318 | D:7      | Noticed Prince Ribbit
 10458 | D:7      | Found a hazy altar of Hepliaklqana.
 10839 | D:7      | Found a staircase to the Ecumenical Temple.
 10848 | Temple   | Entered the Ecumenical Temple
 10888 | Temple   | Became a worshipper of Vehumet
 11301 | D:7      | Killed Prince Ribbit
 11301 | D:7      | Reached XP level 9. HP: 52/52 MP: 8/17
 11918 | D:7      | Reached skill level 5 in Spellcasting
 11951 | D:7      | Reached skill level 7 in Ice Magic
 12596 | D:7      | Found a white marble altar of Elyvilon.
 12637 | D:7      | Found a radiant altar of Vehumet.
 12692 | D:7      | Reached * piety under Vehumet
 12692 | D:7      | Offered knowledge of Magic Dart by Vehumet.
 14454 | D:9      | Noticed a troll
 14463 | D:9      | Noticed a troll
 14529 | D:9      | Found a flagged portal.
 14537 | Bailey   | Entered a bailey
 14656 | Bailey   | Reached skill level 5 in Fighting
 14820 | Bailey   | Found an iron altar of Okawaru.
 14938 | D:9      | Noticed a two-headed ogre
 15064 | D:9      | Killed a two-headed ogre
 15064 | D:9      | Reached skill level 5 in Conjurations
 15064 | D:9      | Reached XP level 10. HP: 47/59 MP: 5/22
 15416 | D:9      | Reached skill level 8 in Ice Magic
 15522 | D:9      | Found a runed translucent gate.
 15522 | D:9      | Found a runed translucent gate.
 15523 | D:9      | Found a runed translucent gate.
 15531 | D:9      | Noticed a four-headed hydra
 15617 | D:9      | Reached ** piety under Vehumet
 15617 | D:9      | Offered knowledge of Throw Flame by Vehumet.
 15640 | D:9      | Noticed Pikel
 15643 | D:9      | Killed Pikel
 15643 | D:9      | Reached skill level 5 in Shields
 15953 | D:9      | Noticed MisterT's ghost (novice HOFi)
 16184 | D:9      | Noticed a two-headed ogre
 16361 | D:9      | Found Zaahiacs's Armour Shop.
 16679 | D:9      | Found a runed translucent gate.
 16679 | D:9      | Found a runed translucent gate.
 16679 | D:9      | Found a runed translucent gate.
 16733 | D:9      | Found Zaahiacs's Armour Shop.
 16789 | D:9      | Killed a two-headed ogre
 16896 | D:10     | Entered Level 10 of the Dungeon
 16930 | D:10     | Noticed Psyche
 16932 | D:10     | Killed Psyche
 17396 | D:10     | Noticed Urug
 17406 | D:10     | Found Avekonun's Armour Shoppe.
 17510 | D:10     | Got a crystal morningstar
 17636 | D:10     | Reached XP level 11. HP: 60/66 MP: 20/25
 17854 | D:10     | Offered knowledge of Static Discharge by Vehumet.
 18136 | D:10     | Noticed a brown ugly thing
 18181 | D:9      | Reached *** piety under Vehumet
 18260 | D:10     | Found a staircase to the Orcish Mines.
 18263 | D:10     | Found Jica's Weapon Shoppe.
 18357 | D:10     | Killed a brown ugly thing
 18597 | D:10     | Killed Urug
 18686 | D:11     | Found a staircase to the Lair.
 18753 | D:11     | Learned a level 3 spell: Static Discharge
 18787 | D:11     | Noticed a two-headed ogre
 18794 | D:11     | Killed a two-headed ogre
 18901 | D:11     | Noticed a two-headed ogre
 18907 | D:11     | Killed a two-headed ogre
 19225 | D:11     | Noticed an orc knight
 19245 | D:11     | Killed an orc knight
 19245 | D:11     | Reached skill level 9 in Ice Magic
 19783 | D:11     | Offered knowledge of Inner Flame by Vehumet.
 20218 | Lair:1   | Entered Level 1 of the Lair of Beasts
 20227 | Lair:1   | Noticed an oklob plant
 20416 | Lair:1   | Noticed an eight-headed hydra
 20467 | Lair:1   | Killed an eight-headed hydra
 20545 | Lair:1   | Noticed an eight-headed hydra
 20552 | Lair:1   | Killed an eight-headed hydra
 20682 | Lair:1   | Noticed Grum
 20822 | Lair:1   | Noticed a four-headed hydra
 20864 | Lair:1   | Killed a four-headed hydra
 20864 | Lair:1   | Reached XP level 12. HP: 72/72 MP: 10/27
 20874 | Lair:1   | Noticed a seven-headed hydra
 20973 | Lair:1   | Noticed Joseph
 20999 | Lair:1   | Killed Grum
 20999 | Lair:1   | Reached skill level 10 in Dodging
 21088 | Lair:1   | Killed a seven-headed hydra
 21290 | Lair:1   | Reached **** piety under Vehumet
 21325 | Lair:1   | Reached skill level 10 in Ice Magic
 21570 | Lair:1   | Found a snail-covered altar of Cheibriados.
 21826 | Lair:1   | Killed Joseph
 22127 | Lair:2   | Offered knowledge of Bolt of Draining by Vehumet.
 22490 | Lair:2   | Found a staircase to the Shoals.
 22782 | Lair:2   | Identified the +12 morningstar of Forced Transition {elec,
                  | Str+4} (You found it on level 10 of the Dungeon)
 23061 | Lair:2   | Noticed a four-headed hydra
 23067 | Lair:2   | Killed a four-headed hydra
 23852 | Lair:3   | Found a staircase to the Snake Pit.
 24153 | Lair:3   | Noticed a death yak
 24199 | Lair:3   | Killed a death yak
 24199 | Lair:3   | Reached skill level 1 in Air Magic
 24456 | Lair:3   | Reached skill level 11 in Ice Magic
 24765 | Lair:4   | Noticed Rupert
 25652 | Lair:4   | Mangled by Rupert

Levels and vault maps discovered:
D:1:      dpeg_arrival_brainrot, layout_rooms
D:2:      layout_rooms
D:3:      layout_loops_ring, cheibriados_altar_1, lemuel_doored_altar,
          makhleb_grotto_becter, lemuel_coloured_pillars_altar,
          lemuel_crystal_altar, first_ration, minivault_4, minmay_crystal_water,
          minmay_misc_feat_five, serial_bayou_ford_a
D:4:      kennysheep_slugbush, layout_cave_pods, uniq_robin
D:5:      layout_basic, tso_oasis_becter
D:6:      layout_rooms, grunt_temple_overflow_gold_and_silver,
          lemuel_round_altar, marbit_many_paths, yredelemnul_altar_generic,
          uniq_sigmund
D:7:      layout_basic, elyvilon_altar_3, nicolae_overflow_crystal_walls,
          minmay_temple_entry_trees, vehumet_altar_wand_db, uniq_prince_ribbit1
D:8:      layout_gridville
D:9:      layout_loops_cross, gammafunk_ghost_split, serial_shops,
          kennysheep_mini_moat, enter_bailey_2, nicolae_underground_beach,
          uniq_pikel
D:10:     layout_gridville, orc_david_3, uniq_psyche, uniq_urug
D:11:     layout_grid_maze, david_lair_shrubbed, special_room [special_room_orc]
D:12:     layout_layer_cave
Temple:   kb_temple_of_zot
Lair:1:   layout_chaotic_city, basic_altar, minmay_lair_oklob_chamber,
          infiniplex_staircase_pool_2, lemuel_fruit_tree, uniq_grum, uniq_joseph
Lair:2:   layout_regular_city, minmay_shoals_entry_hut, serial_bayou_shore_b
Lair:3:   layout_layer_cave, minmay_snake_entry_six_corridors
Lair:4:   layout_cave_shapes, grunt_forest_small_clearings,
          serial_bayou_shore_b, infiniplex_staircase_pool, uniq_rupert

Skill      XL: |  1  2  3  4  5  6  7  8  9 10 11 12 |
---------------+-------------------------------------+-----
Stealth        | 3 |  3.0
Dodging        | 3 4 5 6 8 9 10 | 10.0
Fighting       | 1 2 4 5 6 7 8 |  8.9
Charms         | 1 2 3 4 |  4.0
Shields        | 1 2 4 5 7 8 |  8.5
Ice Magic      | 4 5 6 7 8 9 11 | 11.2
Spellcasting   | 4 6 8 9 |  9.0
Conjurations   | 3 5 6 8 |  8.0
Air Magic      | 2 |  2.0

Action                   |  1- 3 |  4- 6 |  7- 9 | 10-12 || total
-------------------------+-------+-------+-------+-------++-------
Melee: Club              |     1 |       |       |       ||     1
       Whip              |     3 |     7 |       |       ||    10
       Hunting sling     |       |     1 |       |       ||     1
       War axe           |       |       |    47 |    63 ||   110
 Fire: Hunting sling     |       |   153 |    33 |       ||   186
Throw: Stone             |    16 |    10 |    13 |    16 ||    55
       Dart              |       |       |   164 |   236 ||   400
       Boomerang         |       |       |    46 |    26 ||    72
       Javelin           |       |       |     5 |     4 ||     9
 Cast: Freeze            |    74 |   122 |   201 |   479 ||   876
       Ozocubu's Armour  |     3 |     9 |    14 |    37 ||    63
       Throw Icicle      |       |       |    15 |   109 ||   124
       Static Discharge  |       |       |       |     2 ||     2
Evoke: Wand              |       |       |       |     5 ||     5
  Use: Scroll            |       |       |    18 |     5 ||    23
 Stab: Sleeping          |     1 |     1 |     2 |       ||     4
  Eat: Chunk             |     4 |    16 |    21 |    32 ||    73
       Ration            |       |       |     2 |     2 ||     4
Armor: Robe              |     8 |    25 |    30 |       ||    63
       Leather armour    |       |       |    19 |       ||    19
       Ring mail         |       |       |     9 |       ||     9
       Troll leather arm |       |       |       |    70 ||    70
Dodge: Dodged            |    27 |    60 |   228 |   361 ||   676
Block: Buckler           |     4 |    18 |    73 |    96 ||   191
